 Dungeon Crawl Stone Soup version 0.27.1-34-g3ba077fa99 (webtiles) character file.

Game seed: 3259356096781225212

15175 ticklebelly the Fighter (level 11, -2/107 HPs)
             Began as a Minotaur Berserker on Jan 7, 2022.
             Was an Elder of Trog.
             Slain by Maurice (6 damage)
             ... on level 10 of the Dungeon.
             The game lasted 00:22:42 (11674 turns).

ticklebelly the Fighter (Minotaur Berserker)       Turns: 11674, Time: 00:22:42

Health: -2/107     AC:  9    Str: 23    XL:     11   Next: 98%
Magic:  10/10      EV:  8    Int:  4    God:    Trog [****..]
Gold:   415        SH:  0    Dex: 10    Spells: 10/10 levels left

rFire    . . .     SeeInvis .   m - +3 war axe (drain)
rCold    . . .     Faith    +   (no shield)
rNeg     . . .     Spirit   .   C - +0 plate armour
rPois    .         Reflect  .   (helmet restricted)
rElec    .         Harm     .   (no cloak)
rCorr    .         Rampage  .   t - +0 pair of gloves
Will     ++...                  (no boots)
Stlth    ..........             A - amulet of faith
HPRegen  1.27/turn              (no ring)
MPRegen  0.12/turn              (no ring)

@: strong-willed, corroded, regenerating
A: horns 2, retaliatory headbutt, [weak 1]
a: Renounce Religion, Berserk, Trog's Hand, Brothers in Arms


You were on level 10 of the Dungeon.
You worshipped Trog.
Trog was greatly pleased with you.
You visited 1 branch of the dungeon, and saw 10 of its levels.
You visited the Abyss 1 time.

You collected 415 gold pieces.

Inventory:

Hand Weapons
 a - a +0 battleaxe
 m - a +3 war axe of draining (weapon)
 G - a +2 mace of protection
Missiles
 n - 24 boomerangs (quivered)
Armour
 f - a +0 buckler
 t - a +0 pair of gloves (worn)
 C - a +0 plate armour (worn)
Jewellery
 i - a ring of protection from cold
 u - a ring of ice
 A - an amulet of faith (around neck)
Wands
 y - a wand of paralysis (6)
 F - a wand of polymorph (17)
Scrolls
 c - 12 scrolls of identify {unknown}
 d - 2 scrolls of amnesia {unknown}
 e - a scroll of blinking {unknown}
 j - 3 scrolls of teleportation {unknown}
 l - a scroll of magic mapping {unknown}
 q - 3 scrolls of vulnerability {unknown}
 s - 2 scrolls of noise {unknown}
 w - 2 scrolls of immolation {unknown}
Potions
 b - a potion of degeneration {unknown}
 g - 3 potions of magic {unknown}
 h - 3 potions of heal wounds {unknown}
 k - 5 potions of mutation {unknown}
 o - 3 potions of invisibility {unknown}
 p - 4 potions of curing {unknown}
 r - 4 potions of lignification {unknown}
 v - a potion of cancellation {unknown}
 x - 2 potions of attraction {unknown}
 z - a potion of brilliance {unknown}
 B - 3 potions of flight {unknown}
 D - a potion of might
 E - a potion of berserk rage {unknown}
Miscellaneous
 H - a lightning rod (4/4)


   Skills:
 + Level 13.4 Fighting
 + Level 13.4 Axes
 + Level 12.9 Armour
 + Level 4.4 Dodging


You had 10 spell levels left.
You didn't know any spells.
Your spell library was empty.

Dungeon Overview and Level Annotations

Branches:
Dungeon (10/15)            Temple (0/1) D:5            Lair (0/6) D:8
    Orc (0/2) D:9

Altars:
Fedhas
Okawaru
Uskayaw
Xom
Yredelemnul
The Shining One

Shops:
D:7 *

Annotations:
D:9 2 transporters, Powertoast's ghost, novice HOFi
D:10 Maurice


Innate Abilities, Weirdness & Mutations

You have a pair of horns on your head.
You reflexively headbutt those who attack you in melee.
[You are weak. (Str -2)]


Message History

A gargoyle comes into view. It is wielding a +0 mace of protection.
The gargoyle hurls a stone arrow at you.
The stone arrow hits you!
You enter the shallow water.
Moving in this stuff is going to be slow.
The gargoyle hurls a stone arrow at you.
The stone arrow misses you.
The gargoyle hurls a stone arrow at you.
The stone arrow hits you!
Maurice drinks a potion.
Maurice seems to speed up.
Maurice hits you but does no damage.
Your plate armour prevents you from hitting Maurice.
You hit the gargoyle.
Maurice casts a spell.
Maurice flickers and vanishes!
Deactivating autopickup; reactivate with Ctrl-A.
Your plate armour prevents you from hitting something.
You hit the gargoyle but do no damage.
You hear a zap.
A bolt of acid appears from out of thin air!
The bolt of acid hits you! The acid corrodes you!
You are splashed with acid!
The gargoyle hits you with a +0 mace of protection.
You miss something. You headbutt something.
You hit the gargoyle but do no damage. Something hits you but does no damage.
The gargoyle hits you with a +0 mace of protection!
Something hits you but does no damage.
Your skin crawls.
You feel strong-willed.
You hear a zap.
A bolt of acid appears from out of thin air!
The bolt of acid hits you!
* * * LOW HITPOINT WARNING * * *
The acid corrodes you!
You are splashed with acid!
* * * LOW HITPOINT WARNING * * *
The gargoyle hits you with a +0 mace of protection!!
* * * LOW HITPOINT WARNING * * *
Your ogre goes berserk!
Something hits you but does no damage.
The gargoyle hits you but does no damage.
Something hits you.
You die...

.. ...... #. .#....#
# ##. ...?....#
#.#.. .... ....#
.#..###....###..##
..#...# #...#..#
#.#O9.#..#.⌠.#..####
#.#@{.#≈≈#...#......
#.≈###≈≈≈≈###≈..####
#..≈≈≈≈≈≈≈≈≈≈...#
#..≈≈≈≈≈≈≈≈≈≈..##
#.≈###≈≈≈≈###≈.#
#.#...#≈≈#...#)#
#..#.⌠.#..#.⌠.#.#
#..#...#..#...#.#
#...###....###..#


You could see a gargoyle (ally target) and a friendly ogre (summoned, berserk).

Vanquished Creatures
  A tentacled starspawn (Abyss:1)
  A great orb of eyes (Abyss:1)
  Erolcha (D:10)
  Erica (D:10)
  A centaur warrior (D:10)
  The ghost of CoveEight the Blocker, a novice MiFi of Trog (D:7)
  A two-headed ogre (D:9)
  Pikel (D:5)
  A manticore (D:9)
  Maggie (D:6)
  A kobold demonologist (D:10)
  2 trolls (D:9)
  A hornet (D:9)
  Grinder (D:6)
  3 raiju (Abyss:1)
  Sigmund (D:6)
  A small abomination (Abyss:1)
  Eustachio (D:5)
  A chaos spawn (Abyss:1)
  2 steam dragons
  A large abomination (Abyss:1)
  Menkaure (D:5)
  A neqoxec (Abyss:1)
  3 wargs (D:8)
  Duvessa (D:6)
  2 water moccasins
  2 sky beasts (D:5)
  10 orc warriors
  2 black bears
  3 necrophages
  8 centaurs
  2 phantoms (D:5)
  2 kobold brigands
  Blork the orc (D:4)
  2 bullfrogs
  5 scorpions
  Dowan (D:6)
  A wyvern skeleton (D:7)
  2 water moccasin zombies (D:6)
  3 killer bees (D:7)
  3 wights (D:7)
  A howler monkey (D:8)
  2 electric eels
  3 centaur zombies
  A bullfrog zombie (D:7)
  2 hounds (D:5)
  A bullfrog skeleton (D:7)
  6 orc priests
  Terence (D:2)
  2 iguanas (D:6)
  9 orc wizards
  A killer bee zombie (D:8)
  A mummy (D:7)
  2 hound skeletons (D:4)
  A howler monkey zombie (D:7)
  4 gnolls (D:2)
  3 adders
  3 shadow imps
  2 white imps
  An ufetubus (Abyss:1)
  2 worms
  5 dart slugs
  37 orcs
  8 bats
  7 endoplasms
  2 giant cockroaches
  7 goblins
  5 hobgoblins
  3 jackals (D:4)
  7 kobolds
  4 quokkas
  7 ball pythons
  A frilled lizard (D:3)
  6 rats
  2 starspawn tentacles (Abyss:1)
229 creatures vanquished.

Vanquished Creatures (collateral kills)
  A raiju (Abyss:1)
  2 blink frogs (Abyss:1)
3 creatures vanquished.

Vanquished Creatures (others)
  3 orc wizards
  A plant (D:8)
  A starspawn tentacle (Abyss:1)
5 creatures vanquished.

Grand Total: 237 creatures vanquished

Notes
Turn   | Place    | Note
-------+----------+-------------------------------------------
     0 | D:1      | ticklebelly the Minotaur Berserker began the quest for the
                  | Orb.
     0 | D:1      | Reached XP level 1. HP: 19/19 MP: 0/0
   288 | D:1      | Reached XP level 2. HP: 26/27 MP: 1/1
   766 | D:2      | Noticed Terence
   776 | D:2      | Killed Terence
   777 | D:2      | Reached XP level 3. HP: 8/34 MP: 2/2
  1452 | D:2      | Reached XP level 4. HP: 41/41 MP: 3/3
  1774 | D:2      | Reached skill level 5 in Fighting
  1774 | D:2      | Reached skill level 5 in Axes
  2342 | D:3      | Reached XP level 5. HP: 48/48 MP: 4/4
  2401 | D:3      | Reached ** piety under Trog
  2422 | D:3      | Noticed a black bear
  2433 | D:3      | Killed a black bear
  2708 | D:3      | Found a faded altar of an unknown god.
  3034 | D:4      | Reached XP level 6. HP: 55/57 MP: 5/5
  3200 | D:4      | Noticed Blork the orc
  3206 | D:4      | Killed Blork the orc
  3524 | D:4      | You fall into a shaft and drop 3 floors!
  3534 | D:7      | Noticed an orc warrior
  3546 | D:7      | Killed an orc warrior
  3811 | D:6      | Reached XP level 7. HP: 61/64 MP: 6/6
  3816 | D:5      | Entered Level 5 of the Dungeon
  3816 | D:5      | Noticed Pikel
  3819 | D:5      | Reached skill level 5 in Armour
  3824 | D:5      | Killed Pikel
  3845 | D:5      | Reached XP level 8. HP: 41/74 MP: 7/7
  4000 | D:5      | Found an iron altar of Okawaru.
  4227 | D:5      | Noticed Eustachio
  4237 | D:5      | Killed Eustachio
  4582 | D:5      | Found a staircase to the Ecumenical Temple.
  4749 | D:5      | Found a hide-covered altar of Uskayaw.
  4766 | D:5      | Noticed Menkaure
  4779 | D:5      | Killed Menkaure
  5324 | D:5      | Found a blossoming altar of Fedhas.
  5465 | D:6      | Reached XP level 9. HP: 67/82 MP: 8/8
  5919 | D:6      | Identified the +7 rapier of Wuden {drain, *Rage rF++ Dex+2
                  | SInv}
  5961 | D:6      | Noticed Sigmund
  5975 | D:6      | Killed Sigmund
  6138 | D:6      | Noticed Grinder
  6138 | D:6      | Paralysed by Grinder for 4 turns
  6146 | D:6      | Killed Grinder
  6158 | D:6      | Noticed Maggie
  6164 | D:6      | Noticed Duvessa
  6171 | D:6      | Noticed Dowan
  6174 | D:6      | Killed Duvessa
  6176 | D:6      | Killed Maggie
  6177 | D:6      | Reached skill level 10 in Fighting
  6177 | D:6      | Reached skill level 10 in Axes
  6181 | D:6      | Killed Dowan
  6181 | D:6      | Reached *** piety under Trog
  6462 | D:6      | You fall into a shaft and drop 2 floors!
  6683 | D:8      | Reached XP level 10. HP: 55/94 MP: 9/9
  6887 | D:7      | Found a transporter.
  6887 | D:7      | Noticed CoveEight's ghost (novice MiFi)
  6916 | D:7      | Found a transporter.
  7632 | D:7      | Found Saaluexu's Assorted Antiques.
  7679 | D:7      | Reached skill level 10 in Armour
  7862 | D:7      | Killed CoveEight's ghost
  7952 | D:8      | Reached **** piety under Trog
  8048 | D:8      | Found a staircase to the Lair.
  8415 | D:8      | Found a shimmering altar of Xom.
  8416 | D:8      | Found a basalt altar of Yredelemnul.
  8941 | D:9      | Noticed a manticore
  8957 | D:9      | Killed a manticore
  9211 | D:9      | Noticed a great orb of eyes
  9212 | D:9      | Found a transporter.
  9214 | D:9      | Noticed Powertoast's ghost (novice HOFi)
  9433 | D:9      | Found a transporter.
  9503 | D:9      | Found a glowing golden altar of the Shining One.
  9581 | D:9      | Reached XP level 11. HP: 59/104 MP: 10/10
 10008 | D:9      | Found a staircase to the Orcish Mines.
 10141 | D:9      | Noticed a two-headed ogre
 10146 | D:9      | Killed a two-headed ogre
 10286 | D:10     | Entered Level 10 of the Dungeon
 10300 | D:10     | Noticed a centaur warrior
 10568 | D:10     | Killed a centaur warrior
 10844 | D:10     | Noticed Erolcha
 10848 | D:10     | Cast into level 1 of the Abyss (Erolcha)
 10872 | Abyss:1  | Noticed a great orb of eyes
 10877 | Abyss:1  | Killed a great orb of eyes
 10967 | Abyss:1  | Noticed a tentacled starspawn
 10974 | Abyss:1  | Killed a tentacled starspawn
 11016 | Abyss:1  | Reached ***** piety under Trog
 11244 | Abyss:1  | Noticed a wretched star
 11248 | D:10     | Escaped the Abyss
 11265 | D:10     | Killed Erolcha
 11459 | D:10     | Noticed Erica
 11464 | D:10     | Killed Erica
 11654 | D:10     | Noticed Maurice
 11673 | D:10     | HP: 3/107 [gargoyle (19)]
 11674 | D:10     | Slain by Maurice

Illustrated notes

Levels and vault maps discovered:
D:1:      amcnicky_arrival_abandoned_market, layout_basic
D:2:      layout_basic, kennysheep_another_room, hangedman_decor_push,
          minmay_box_of_dots, uniq_terence
D:3:      layout_loops_ring, dreamdust_ecumenical_altar_sealed_demon
D:4:      layout_loops_ring, uniq_blork_the_orc
D:5:      layout_rooms, lemuel_tele_altar, mainiacjoe_overflow_boulevard,
          kennysheep_mini, minmay_temple_entry_drinking_statues, serial_glass,
          glass_columns_b, glass_columns_a, abandoned_shop, uniq_pikel,
          uniq_menkaure, uniq_eustachio
D:6:      layout_loops_ring, minmay_misc_feat_enclosed, minmay_misc_feat_plants,
          uniq_duvessa, uniq_sigmund, uniq_maggie, uniq_grinder
D:7:      layout_rooms, gammafunk_ghost_mausoleum, serial_shops,
          nicolae_shop_statue_plus, grunt_decor_junction,
          minmay_misc_feat_nine_boxes
D:8:      layout_cave_pods, amethyst_overflow_temple_binary,
          erik_lair_orcish_takeover, st_stairs_3
D:9:      layout_rooms, tso_altar, erik_orc_2, gammafunk_ghost_arena
D:10:     cheibrodos_shockbox, layout_basic, st_stairs_11,
          hangedman_abyss_or_decor_clamps, fountainhead,
          minmay_misc_feat_diagonals, uniq_erolcha, uniq_erica, uniq_maurice

Skill      XL: |  1  2  3  4  5  6  7  8  9 10 11 |
---------------+----------------------------------+-----
Fighting       | 4 5 6 7 8 10 12 13 | 13.4
Axes           | 4 5 6 7 8 10 11 13 | 13.4
Armour         | 3 4 6 7 9 11 12 | 12.9
Dodging        | 4 |  4.4

Action                   |  1- 3 |  4- 6 |  7- 9 | 10-12 || total
-------------------------+-------+-------+-------+-------++-------
Melee: Hand axe          |    64 |    29 |       |       ||    93
       Headbutt          |    13 |    15 |    23 |    50 ||   101
       War axe           |       |    66 |   151 |   263 ||   480
Invok: Berserk           |     1 |     3 |     3 |     6 ||    13
       Trog's Hand       |       |       |     3 |     4 ||     7
       Brothers in Arms  |       |       |       |     2 ||     2
 Stab: Distracted        |     1 |       |       |       ||     1
Armor: Animal skin       |     7 |       |       |       ||     7
       Ring mail         |    12 |    24 |    60 |       ||    96
       Plate armour      |       |       |     9 |   192 ||   201
Dodge: Dodged            |    43 |    48 |    95 |   117 ||   303
